 Dungeon Crawl Stone Soup version 0.30-a0-715-gdb4ae3ece1 (webtiles) character file.

Game seed: 10558283059622919612

392 hikkokomori the Digger (level 6, 0/40 HPs)
             Began as a Gargoyle Earth Elementalist on Jan 25, 2023.
             Slain by an iguana (8 damage)
             ... on level 5 of the Dungeon.
             The game lasted 00:06:07 (3145 turns).

hikkokomori the Digger (GrEE)                       Turns: 3145, Time: 00:06:07

Health: 0/40       AC: 20    Str: 11      XL:     6   Next: 80%
Magic:  9/9        EV:  5    Int: 18      God:
Gold:   141        SH:  0    Dex:  9 (10) Spells: 6/9 levels left

rFire   . . .      SeeInvis .    s - +0 war axe
rCold   . . .      Faith    .    (no shield)
rNeg    + . .      Spirit   .    p - +6 chain mail of the Trees {rElec}
rPois   ∞          Reflect  .    (no helmet)
rElec   +          Harm     .    n - +0 cloak
rCorr   .          Rampage  .    l - +0 pair of gloves
Will    .....                    (no boots) Stlth
                                 (no amulet)
HPRegen 0.26/turn                (no ring)
MPRegen 0.11/turn                (no ring)

@: no status effects
A: sickness immunity, AC +4, negative energy resistance 1, electricity
resistance, torment resistance 1, petrification resistance
a: no special abilities


You were on level 5 of the Dungeon.
You visited 1 branch of the dungeon, and saw 5 of its levels.

You collected 141 gold pieces.

Inventory:

Hand Weapons
 c - a +0 hand axe
 s - a +0 war axe (weapon)
Missiles
 m - a throwing net
Armour
 a - a +0 robe
 l - a +0 pair of gloves (worn)
 n - a +0 cloak (worn)
 p - the +6 chain mail of the Trees (worn) {rElec}
   (You found it on level 3 of the Dungeon)

   rElec:     It insulates you from electricity.
Scrolls
 e - a scroll of magic mapping {unknown}
 f - a scroll of poison {unknown}
 g - 3 scrolls of identify
 i - a scroll of blinking
 o - a scroll of enchant armour {unknown}
 q - a scroll of teleportation {unknown}
 v - a scroll of immolation {unknown}
Potions
 b - a potion of magic
 d - 2 potions of degeneration
 h - 2 potions of curing
 j - a potion of invisibility {unknown}
 k - a potion of heal wounds {unknown}
 r - 2 potions of mutation {unknown}
 t - a potion of cancellation {unknown}
 u - a potion of might {unknown}


   Skills:
 + Level 5.0 Fighting
 - Level 1.5 Dodging
 - Level 2.1 Stealth
 - Level 2.0 Spellcasting
 - Level 0.7 Transmutations
 + Level 6.8 Earth Magic


You had 6 spell levels left.
You knew the following spells:

 Your Spells              Type           Power      Damage    Failure   Level
a - Sandblast             Erth           52%        2d12      56%         1
b - Passwall              Tmut/Erth      12%        N/A       98%         2

Your spell library contained the following spells:

 Spells                   Type           Power      Damage    Failure   Level
 Apportation              Tloc           2%         N/A       100%        1
 Necrotise                Necr           4%         1d4       100%        1
 Summon Small Mammal      Summ           4%         N/A       100%        1
 Call Canine Familiar     Summ           1%         N/A       100%        3
 Kindle Blastsparks       Fire/Tloc/Air  2%         2d10      100%        3
 Portal Projectile        Hex/Tloc       2%         N/A       100%        3
 Stone Arrow              Conj/Erth      28%        3d8       100%        3
 Animate Armour           Summ/Erth      28%        N/A       100%        4
 Fulminant Prism          Conj/Hex       0%         3d5       100%        4
 Iskenderun's Mystic Bla  Conj/Tloc      1%         2d3       100%        4
 Leda's Liquefaction      Hex/Erth       7%         N/A       100%        4
 Petrify                  Tmut/Erth      15%        N/A       100%        4
 Blade Hands              Tmut           2%         N/A       100%        5
 Lee's Rapid Deconstruct  Erth           13%        3d9*      100%        5
 Conjure Ball Lightning   Conj/Air       0%         3x3d6     100%        6
 Iron Shot                Conj/Erth      7%         9d2       100%        6
 Discord                  Hex            0%         N/A       100%        8
 Disjunction              Tloc           0%         N/A       100%        8


Dungeon Overview and Level Annotations

Branches:
Dungeon (5/15)
 Temple: D:4-7

Altars:
The Shining One

Annotations:
D:5 Eustachio


Innate Abilities, Weirdness & Mutations

You are immune to sickness and miasma.
Your stone body is resilient. (AC +4)
You are immune to poison.
You resist negative energy. (rN+)
You are resistant to electric shocks. (rElec)
You are resistant to unholy torment.
You are immune to petrification.


Message History

Eustachio blinks!
The river rat bites you but does no damage.
You hit the river rat.
The river rat is moderately wounded.
The river rat bites you. The river rat barely misses you.
You closely miss the river rat.
The river rat is moderately wounded.
The river rat closely misses you.
You hit the river rat. You punch the river rat.
The river rat is almost dead.
Eustachio casts a spell.
The river rat closely misses you.
The river rat bites you but does no damage.
You hit the river rat but do no damage.
The river rat is almost dead.
The river rat disappears in a puff of smoke!
You completely miss Eustachio. Eustachio closely misses you.
Eustachio gestures wildly while chanting.
Eustachio blinks!
The quokka bites you but does no damage.
You completely miss the quokka. The quokka bites you.
The quokka barely misses you.
Okay, then.
As you read the scroll labelled REAHUZ REUGH, it crumbles to dust.
It is a scroll of identify.
d - 2 potions of degeneration The quokka bites you but does no damage.
Blink to where?
Press: ? - help, Dir - move target
As you read the scroll labelled SOTEWUI LIOHO, it crumbles to dust.
It was a scroll of blinking.
An iguana comes into view.
The iguana hisses angrily.
The iguana bites you.
You slash the iguana! Your punch misses the iguana.
The iguana is heavily wounded.
The iguana bites you!
* * * LOW HITPOINT WARNING * * *
The iguana bites you!
You die...

# #. # ### #. #...#
#. ....# ##.##
#...# #...##
##.##########..(.##
# .# #r.§.r.......#
##.###@######.##..#
....?...# # #@.#
##.###..# #l.# #..#
...# #..# ....#
#..# ...#.#
#.###@.##..[#.# .#
#.........|... .#
.@.r....##..... ##
.........(#.#.


You could see an iguana.

Vanquished Creatures
  A necrophage (D:4)
  A scorpion (D:4)
  An orc priest (D:4)
  A hound (D:4)
  Jessica (D:3)
  An iguana (D:4)
  3 gnolls (D:3)
  5 adders
  A worm (D:2)
  3 dart slugs
  11 orcs
  6 endoplasms
  6 giant cockroaches
  7 goblins
  7 hobgoblins
  5 jackals
  2 kobolds (D:3)
  6 ball pythons
  2 bats
  A frilled lizard (D:2)
  3 rats
74 creatures vanquished.

Notes
Turn   | Place    | Note
-------+----------+-------------------------------------------
     0 | D:1      | hikkokomori the Gargoyle Earth Elementalist began the quest
                  | for the Orb.
     0 | D:1      | Reached XP level 1. HP: 10/10 MP: 3/3
     6 | D:1      | You fall into a shaft and drop 1 floor!
   174 | D:2      | Reached skill level 1 in Fighting
   174 | D:2      | Reached XP level 2. HP: 16/16 MP: 3/5
   206 | D:2      | Reached skill level 4 in Earth Magic
   472 | D:2      | Reached XP level 3. HP: 21/21 MP: 1/6
  1134 | D:3      | Reached XP level 4. HP: 22/27 MP: 2/7
  1260 | D:3      | Reached skill level 5 in Earth Magic
  1360 | D:3      | Noticed Jessica
  1373 | D:3      | Killed Jessica
  1374 | D:3      | Reached XP level 5. HP: 16/32 MP: 5/8
  1384 | D:3      | Learned a level 2 spell: Passwall
  1516 | D:3      | Identified the +6 chain mail of the Trees {rElec}
  1541 | D:3      | Found a faded altar of an unknown god.
  1616 | D:3      | Found a glowing golden altar of the Shining One.
  2106 | D:4      | Reached skill level 6 in Earth Magic
  2318 | D:4      | Reached XP level 6. HP: 24/38 MP: 9/9
  3074 | D:5      | Entered Level 5 of the Dungeon
  3088 | D:5      | Noticed Eustachio
  3092 | D:5      | Reached skill level 5 in Fighting
  3145 | D:5      | Slain by an iguana

Illustrated notes

Levels and vault maps discovered:
D:1:      ncdulo_halloftheorcs, layout_basic,
          dreamdust_ecumenical_altar_drowned_temple
D:2:      kennysheep_six_static_rooms, layout_loops_ring
D:3:      layout_rooms, nicolae_overflow_ecumenical_swirl, uniq_jessica
D:4:      layout_gridville
D:5:      layout_loops_ring, uniq_eustachio

Skill      XL: |  1  2  3  4  5  6 |
---------------+-------------------+-----
Fighting       | 1 2 3 4 5 |  5.0
Earth Magic    | 4 5 6 |  6.8
Dodging        | |  1.5
Stealth        | |  2.1
Spellcasting   | |  2.0
Transmutations | |  0.7

Action                     |  1- 3 |  4- 6 || total
---------------------------+-------+-------++-------
  Melee: Hand axe          |    11 |    41 ||    52
         War axe           |       |   110 ||   110
         Punch             |       |     2 ||     2
   Cast: Sandblast         |    41 |    18 ||    59
    Use: Scroll            |       |     2 ||     2
 Armour: Robe              |    10 |    15 ||    25
         Chain mail        |       |   182 ||   182
  Dodge: Dodged            |    20 |    73 ||    93

Table legend: (Time is in decaauts)
 A = Elapsed time spent in this place.
 B = Non-inter-level travel time spent in this place.
 C = Inter-level travel time spent in this place.
 D = Time resting spent in this place.
 E = Time spent auto-exploring this place.
 F = Levels seen in this place.
 G = Mean time per level.
                   A        B        C        D        E       F      G
               +--------+--------+--------+--------+--------+-----+--------+
         Total |   3247 |   3081 |    166 |      0 |   2455 |   5 |  649.4 |
       Dungeon |   3247 |   3081 |    166 |      0 |   2455 |   5 |  649.4 |
               +--------+--------+--------+--------+--------+-----+--------+

Top non-repeatable levels by time:
     D:2: 1101 daAuts
     D:4: 1026 daAuts
     D:3: 1024 daAuts
     D:5: 90 daAuts
     D:1: 6 daAuts
